Winnipeg Jets vs Arizona Coyotes
Created - Saturday, May 17, 2025 at 08:43
Goals
|
| Winnipeg Jets |
0 |
0 |
1 |
1 |
| Arizona Coyotes |
2 |
1 |
0 |
3 |
|
Shots
|
| Winnipeg Jets |
6 |
21 |
1 |
28 |
| Arizona Coyotes |
14 |
15 |
8 |
37 |
|
1st period
1. Arizona Coyotes , Brayden McNabb 4 (Ryan Donato 37, Tyler Bertuzzi 23) at 7:02 (PP)
2. Arizona Coyotes , Ryan Donato 25 (Erik Haula 23) at 12:27
Penalties :
Joel Armia (WPG) for Holding (Minor) at 6:47, Mason Appleton (WPG) for Tripping (Minor) at 12:50, Radko Gudas (AZC) for Tripping (Minor) at 18:42
2nd period
3. Arizona Coyotes , Brayden McNabb 5 (Mats Zuccarello 48, Tyler Seguin 31) at 12:20 (PP)
Penalties :
Vladislav Namestnikov (WPG) for Cross-checking (Minor) at 3:27, Sean Durzi (WPG) for Goalie Interference (Minor) at 9:24, Dylan Samberg (WPG) for Hooking (Minor) at 11:43
3rd period
4. Winnipeg Jets , Olli Maatta 3 (Connor McDavid 55, Connor Bedard 46) at 16:30 (PP)
Penalties :
Radko Gudas (AZC) for Holding (Minor) at 9:00, Tyler Seguin (AZC) for Interference (Minor) at 13:12, Ross Colton (AZC) for Roughing (Minor) at 16:26
Goalie Stats
Yaroslav Askarov (WPG), 34 saves from 37 shots - (0.919), L, 1-5-1, 60:00 minutes
Jacob Markstrom (AZC), 27 saves from 28 shots - (0.964), W, 25-21-7, 60:00 minutes
Players Stats for Winnipeg Jets
Player Name G A P +/- PIM S H SB GA TA FO MP PP MP PK MP
------------------------------------------------------------------------------------
Adam Lowry 0 0 0 0 0 2 2 1 0 0 5/9 18:58 3:13 3:28
Alexis Lafreniere 0 0 0 0 0 3 2 0 0 2 2/4 19:06 3:24 3:28
Andre Burakovsky 0 0 0 -1 0 1 0 0 1 0 3/4 9:30 0:00 0:00
Barclay Goodrow 0 0 0 0 0 0 1 0 0 0 0/0 11:54 0:05 0:00
Connor Bedard 0 1 1 0 0 4 1 0 1 0 5/14 19:49 2:37 3:07
Connor McDavid 0 1 1 0 0 2 1 1 1 1 7/11 14:25 2:48 0:11
Dylan Samberg 0 0 0 -1 2 1 1 3 0 0 0/0 16:27 0:00 0:00
Haydn Fleury 0 0 0 0 0 0 0 1 0 0 0/0 20:51 2:09 3:41
Jason Zucker 0 0 0 0 0 4 0 0 2 0 1/3 13:12 0:00 1:08
Joel Armia 0 0 0 0 2 2 1 1 0 1 1/1 15:00 2:48 0:00
Mason Appleton 0 0 0 0 2 2 3 1 0 0 1/1 13:45 0:00 0:00
Nate Schmidt 0 0 0 0 0 0 1 2 0 2 0/0 22:30 3:43 3:08
Oliver Ekman-Larsson 0 0 0 0 0 1 3 0 0 0 0/0 22:30 3:43 3:08
Olli Maatta 1 0 1 -1 0 2 0 0 0 1 0/0 23:19 2:18 3:41
Ridly Greig 0 0 0 -1 0 2 0 0 0 0 0/0 9:13 0:00 0:00
Sean Durzi 0 0 0 0 2 0 0 0 1 0 0/0 14:27 0:09 0:00
Taylor Hall 0 0 0 -1 0 2 0 0 0 0 0/0 9:38 0:00 0:14
Vladislav Namestnikov 0 0 0 0 2 0 3 0 0 0 2/5 18:32 3:08 2:02
Players Stats for Arizona Coyotes
Player Name G A P +/- PIM S H SB GA TA FO MP PP MP PK MP
------------------------------------------------------------------------------------
Brayden McNabb 2 0 2 0 0 3 3 0 0 0 0/0 20:23 3:20 2:33
Charlie Coyle 0 0 0 0 0 8 2 0 1 0 9/17 24:53 3:31 2:43
Erik Haula 0 1 1 1 0 3 2 0 0 0 1/2 16:53 3:18 0:00
Jani Hakanpaa 0 0 0 0 0 6 0 1 0 2 0/0 25:48 3:29 3:17
Jared Spurgeon 0 0 0 0 0 0 0 1 0 0 0/0 16:44 0:00 2:33
Kiefer Sherwood 0 0 0 0 0 1 1 0 0 1 0/0 13:00 0:00 0:40
Mark Jankowski 0 0 0 0 0 0 0 0 0 0 0/0 7:09 0:00 0:00
Mats Zuccarello 0 1 1 0 0 8 0 0 4 0 1/1 20:35 3:31 2:42
Matt Dumba 0 0 0 1 0 0 0 1 0 2 0/0 17:23 3:29 0:31
Mike Hoffman 0 0 0 0 0 1 1 1 0 0 0/0 7:13 0:00 0:00
Nick Seeler 0 0 0 1 0 0 2 3 0 0 0/0 15:14 0:00 2:02
Ondrej Palat 0 0 0 0 0 0 0 1 0 0 1/1 13:23 0:00 1:00
Radko Gudas 0 0 0 0 4 0 3 4 0 1 0/0 24:07 3:20 1:06
Ross Colton 0 0 0 0 2 1 1 0 0 0 2/7 12:18 0:00 0:00
Ryan Donato 1 1 2 1 0 3 1 0 0 0 6/17 19:52 3:18 2:56
Tyler Bertuzzi 0 1 1 1 0 1 3 1 1 0 1/3 16:56 3:18 0:00
Tyler Seguin 0 1 1 0 2 2 0 0 1 0 4/4 19:28 3:31 2:01
William Carrier 0 0 0 0 0 0 1 0 0 0 0/0 2:36 0:00 0:00
3 Stars
1 - Brayden McNabb (AZC)
2 - Ryan Donato (AZC)
3 - Jacob Markstrom (AZC)
Power Play
Winnipeg Jets - 1 on 4 Attempt(s) - 25.00%
Arizona Coyotes - 2 on 5 Attempt(s) - 40.00%
Penalty Kill
Winnipeg Jets - 3 on 5 Attempt(s) - 60.00%
- Score 0 goal in Penalty Kill
Arizona Coyotes - 3 on 4 Attempt(s) - 75.00%
- Score 0 goal in Penalty Kill
Team Stat
Winnipeg Jets - Hits : 19 - Faceoff Wins : 27 - Blocked Shots : 10 - Penalty Minutes : 10
Arizona Coyotes - Hits : 20 - Faceoff Wins : 25 - Blocked Shots : 13 - Penalty Minutes : 8
Official
Referees : Brandon Schrader and Graham Skilliter
Linesman : Ryan Jackson and Bryan Pancich
Game Notes
No Game Note
Finance
Level 1 -- Attendance: 6000 (100.00%) -- Ticket Income $540,000
Level 2 -- Attendance: 4865 (97.30%) -- Ticket Income $277,305
Level 3 -- Attendance: 2718 (90.60%) -- Ticket Income $86,976
Level 4 -- Attendance: 4747 (94.94%) -- Ticket Income $104,434
Luxury Box -- Attendance: 971 (97.10%) -- Ticket Income $186,432
Game was played at the Gila River Arena.
Total Attendance: 19301 (96.51%)
Total Ticket Income: $1,195,147
Other Income: $418,301
Total Income: $1,613,448
Winnipeg Jets
5 vs 5 Forward
Center Left Wing Right Wing Time % Phy DF OF
1 Connor McDavid Alexis Lafreniere Vladislav Namestnikov 30 1 2 2
2 Connor Bedard Joel Armia Mason Appleton 30 1 2 2
3 Adam Lowry Barclay Goodrow Jason Zucker 25 1 2 2
4 Andre Burakovsky Taylor Hall Ridly Greig 15 1 2 2
5 vs 5 Defense
Defense Defense Time % Phy DF OF
1 Oliver Ekman-Larsson Nate Schmidt 35 1 2 2
2 Dylan Samberg Olli Maatta 35 1 2 2
3 Haydn Fleury Sean Durzi 30 1 2 2
4 Oliver Ekman-Larsson Nate Schmidt 0 1 2 2
PowerPlay Forward
Center Left Wing Right Wing Time % Phy DF OF
1 Adam Lowry Alexis Lafreniere Vladislav Namestnikov 50 1 2 2
2 Connor Bedard Joel Armia Connor McDavid 50 1 2 2
PowerPlay Defense
Defense Defense Time % Phy DF OF
1 Oliver Ekman-Larsson Nate Schmidt 50 1 2 2
2 Haydn Fleury Olli Maatta 50 1 2 2
Penalty Kill 4 Players Forward
Center Wing Time % Phy DF OF
1 Vladislav Namestnikov Connor Bedard 50 1 2 2
2 Alexis Lafreniere Adam Lowry 50 1 2 2
Penalty Kill 4 Players Defense
Defense Defense Time % Phy DF OF
1 Oliver Ekman-Larsson Nate Schmidt 50 1 2 2
2 Haydn Fleury Olli Maatta 50 1 2 2
Penalty Kill - 3 Players Forward
Forward Time % Phy DF OF
1 Alexis Lafreniere 50 1 2 2
2 Connor Bedard 50 1 2 2
Penalty Kill - 3 Players Defense
Defense Defense Time % Phy DF OF
1 Oliver Ekman-Larsson Nate Schmidt 50 1 2 2
2 Haydn Fleury Olli Maatta 50 1 2 2
4 vs 4 Forward
Center Wing Time % Phy DF OF
1 Vladislav Namestnikov Connor Bedard 50 1 2 2
2 Alexis Lafreniere Adam Lowry 50 1 2 2
4 vs 4 Defense
Defense Defense Time % Phy DF OF
1 Oliver Ekman-Larsson Nate Schmidt 50 1 2 2
2 Haydn Fleury Olli Maatta 50 1 2 2
Last Minutes Offensive
Center Left Wing Right Wing Defense Defense
Connor McDavid Alexis Lafreniere Vladislav Namestnikov Oliver Ekman-Larsson Nate Schmidt
Last Minutes Defensive
Center Left Wing Right Wing Defense Defense
Connor McDavid Alexis Lafreniere Vladislav Namestnikov Oliver Ekman-Larsson Nate Schmidt
Goaltenders
Starting : Yaroslav Askarov
Backup : Ukko-Pekka Luukkonen
Extra Forwards
Normal : Connor Bedard, Barclay Goodrow, Jason Zucker - PP : Alexis Lafreniere, Barclay Goodrow - PK : Jason Zucker
Extra Defensemen
Normal : Haydn Fleury, Oliver Ekman-Larsson, Nate Schmidt - PP : Haydn Fleury - PK : Nate Schmidt, Oliver Ekman-Larsson
Penalty Shots
Jason Zucker, Connor Bedard, Alexis Lafreniere, Adam Lowry, Vladislav Namestnikov
Scratches
Sam Steel (Healthy), Brayden Pachal (Healthy), Michael Kesselring (Healthy), Martin Jones (Healthy)
Arizona Coyotes
5 vs 5 Forward
Center Left Wing Right Wing Time % Phy DF OF
1 Charlie Coyle Mats Zuccarello Tyler Seguin 30 1 2 2
2 Ryan Donato Erik Haula Tyler Bertuzzi 30 1 2 2
3 Ross Colton Ondrej Palat Kiefer Sherwood 25 1 2 2
4 Mike Hoffman Mark Jankowski Charlie Coyle 15 1 2 2
5 vs 5 Defense
Defense Defense Time % Phy DF OF
1 Radko Gudas Jani Hakanpaa 35 1 2 2
2 Jared Spurgeon Brayden McNabb 30 1 2 2
3 Matt Dumba Nick Seeler 25 1 2 2
4 Radko Gudas Jani Hakanpaa 10 1 2 2
PowerPlay Forward
Center Left Wing Right Wing Time % Phy DF OF
1 Charlie Coyle Mats Zuccarello Tyler Seguin 50 1 2 2
2 Ryan Donato Erik Haula Tyler Bertuzzi 50 1 2 2
PowerPlay Defense
Defense Defense Time % Phy DF OF
1 Matt Dumba Jani Hakanpaa 50 1 2 2
2 Radko Gudas Brayden McNabb 50 1 2 2
Penalty Kill 4 Players Forward
Center Wing Time % Phy DF OF
1 Charlie Coyle Mats Zuccarello 50 1 2 2
2 Tyler Seguin Ryan Donato 50 1 2 2
Penalty Kill 4 Players Defense
Defense Defense Time % Phy DF OF
1 Radko Gudas Jani Hakanpaa 56 1 2 2
2 Jared Spurgeon Brayden McNabb 44 1 2 2
Penalty Kill - 3 Players Forward
Forward Time % Phy DF OF
1 Charlie Coyle 50 1 2 2
2 Mats Zuccarello 50 1 2 2
Penalty Kill - 3 Players Defense
Defense Defense Time % Phy DF OF
1 Matt Dumba Jani Hakanpaa 50 1 2 2
2 Radko Gudas Brayden McNabb 50 1 2 2
4 vs 4 Forward
Center Wing Time % Phy DF OF
1 Charlie Coyle Mats Zuccarello 50 1 2 2
2 Tyler Seguin Ryan Donato 50 1 2 2
4 vs 4 Defense
Defense Defense Time % Phy DF OF
1 Matt Dumba Jani Hakanpaa 50 1 2 2
2 Radko Gudas Brayden McNabb 50 1 2 2
Last Minutes Offensive
Center Left Wing Right Wing Defense Defense
Charlie Coyle Mats Zuccarello Tyler Seguin Jared Spurgeon Jani Hakanpaa
Last Minutes Defensive
Center Left Wing Right Wing Defense Defense
Charlie Coyle Mats Zuccarello Tyler Seguin Jared Spurgeon Jani Hakanpaa
Goaltenders
Starting : Jacob Markstrom
Backup : Elvis Merzlikins
Extra Forwards
Normal : William Carrier, Ross Colton, Ondrej Palat - PP : William Carrier, Ross Colton - PK : Ondrej Palat
Extra Defensemen
Normal : Matt Dumba, Nick Seeler, Radko Gudas - PP : Matt Dumba - PK : Nick Seeler, Radko Gudas
Penalty Shots
Charlie Coyle, Mats Zuccarello, Tyler Seguin, Ryan Donato, Erik Haula
Scratches
Mason McTavish (Healthy), Anthony Deangelo (Healthy), Carter Hart (Healthy)
% Time on Ice - Winnipeg Jets
Lines # - Real PCT - Wanted PCT - Time Play
Normal Forward
1 - 28% - 30% - 13:10
2 - 28% - 30% - 13:03
3 - 25% - 25% - 11:44
4 - 20% - 15% - 9:13
Normal Defense
1 - 33% - 35% - 15:39
2 - 37% - 35% - 17:20
3 - 30% - 30% - 14:11
4 - 0% - 0% - 0:00
PP Forward
1 - 53% - 50% - 3:13
2 - 47% - 50% - 2:48
PP Defense
1 - 62% - 50% - 3:43
2 - 38% - 50% - 2:18
PK Forward
1 - 49% - 50% - 3:21
2 - 51% - 50% - 3:28
PK Defense
1 - 46% - 50% - 3:08
2 - 54% - 50% - 3:41
PK3 Forward
1 - 0% - 50%
2 - 0% - 50%
PK3 Defense
1 - 0% - 50%
2 - 0% - 50%
44 Forward
1 - 0% - 50%
2 - 0% - 50%
44 Defense
1 - 0% - 50%
2 - 0% - 50%
Last Minute Offensive - 0:00
Last Minute Defensive - 0:00
Total
Forward - 60:00
Defense - 60:00
|
% Time on Ice - Arizona Coyotes
Lines # - Real PCT - Wanted PCT - Time Play
Normal Forward
1 - 29% - 30% - 13:32
2 - 30% - 30% - 14:11
3 - 26% - 25% - 12:19
4 - 15% - 15% - 7:08
Normal Defense
1 - 37% - 35% - 17:26
2 - 31% - 30% - 14:48
3 - 25% - 25% - 11:49
4 - 7% - 10% - 3:07
PP Forward
1 - 52% - 50% - 3:31
2 - 48% - 50% - 3:18
PP Defense
1 - 51% - 50% - 3:29
2 - 49% - 50% - 3:20
PK Forward
1 - 43% - 50% - 2:37
2 - 57% - 50% - 3:24
PK Defense
1 - 58% - 56% - 3:28
2 - 42% - 44% - 2:33
PK3 Forward
1 - 0% - 50%
2 - 0% - 50%
PK3 Defense
1 - 0% - 50%
2 - 0% - 50%
44 Forward
1 - 0% - 50%
2 - 0% - 50%
44 Defense
1 - 0% - 50%
2 - 0% - 50%
Last Minute Offensive - 0:00
Last Minute Defensive - 0:00
Total
Forward - 60:00
Defense - 60:00
|
Play-by-Play
1st period
0:01 of 1st period - Tyler Seguin wins face-off versus Vladislav Namestnikov in neutral zone.
0:26 of 1st period - Joel Armia is hit by Radko Gudas and loses puck.
0:58 of 1st period - Slapshot by Taylor Hall.
0:58 of 1st period - Stopped by Jacob Markstrom with a rebound.
1:18 of 1st period - Wrist shot by Charlie Coyle.
1:18 of 1st period - Stopped by Yaroslav Askarov with a rebound.
3:00 of 1st period - Snap shot by Tyler Seguin.
3:00 of 1st period - Shot Blocked by Mason Appleton.
3:50 of 1st period - Snap shot by Taylor Hall.
3:50 of 1st period - Deflect By Ridly Greig.
3:50 of 1st period - Shot Misses the Net.
3:50 of 1st period - Puck is out of play.
3:51 of 1st period - Andre Burakovsky wins face-off versus Ross Colton in Arizona Coyotes zone.
3:58 of 1st period - Snap shot by Ridly Greig.
3:58 of 1st period - Shot Blocked by Radko Gudas.
4:00 of 1st period - Snap shot by Taylor Hall.
4:00 of 1st period - Deflect By Ridly Greig.
4:00 of 1st period - Shot Misses the Net.
4:00 of 1st period - Puck is out of play.
4:01 of 1st period - Connor McDavid wins face-off versus Ross Colton in Arizona Coyotes zone.
4:04 of 1st period - Slapshot by Connor McDavid.
4:04 of 1st period - Shot Blocked by Radko Gudas.
4:16 of 1st period - Slapshot by Ross Colton.
4:16 of 1st period - Deflect By Kiefer Sherwood.
4:16 of 1st period - Shot Misses the Net.
4:16 of 1st period - Puck is out of play.
4:17 of 1st period - Adam Lowry wins face-off versus Charlie Coyle in Winnipeg Jets zone.
4:24 of 1st period - Backhand shot by Charlie Coyle.
4:24 of 1st period - Stopped by Yaroslav Askarov with a rebound.
4:34 of 1st period - Snap shot by Charlie Coyle.
4:34 of 1st period - Shot Misses the Net.
5:05 of 1st period - Wrist shot by Charlie Coyle.
5:05 of 1st period - Stopped by Yaroslav Askarov with a rebound.
5:07 of 1st period - Slapshot by Jared Spurgeon.
5:07 of 1st period - Shot Blocked by Dylan Samberg.
5:09 of 1st period - Backhand shot by Charlie Coyle.
5:09 of 1st period - Shot Misses the Net.
5:17 of 1st period - Connor McDavid is hit by Brayden McNabb and loses puck.
6:11 of 1st period - Charlie Coyle is hit by Mason Appleton and loses puck.
6:20 of 1st period - Snap shot by Charlie Coyle.
6:20 of 1st period - Shot Misses the Net.
6:47 of 1st period - Minor Penalty to Joel Armia for Holding.
6:48 of 1st period - Alexis Lafreniere wins face-off versus Tyler Bertuzzi in Winnipeg Jets zone.
6:56 of 1st period - Backhand shot by Erik Haula.
6:56 of 1st period - Shot Misses the Net.
6:58 of 1st period - Slapshot by Tyler Bertuzzi.
6:58 of 1st period - Shot Blocked by Haydn Fleury.
7:00 of 1st period - Snap shot by Ryan Donato.
7:00 of 1st period - Shot Blocked by Adam Lowry.
7:02 of 1st period - Slapshot by Brayden McNabb.
7:02 of 1st period - Goal by Brayden McNabb - Winnipeg Jets : 0 - Arizona Coyotes : 1.
7:03 of 1st period - Connor McDavid wins face-off versus Ryan Donato in neutral zone.
7:12 of 1st period - Sean Durzi is hit by Tyler Bertuzzi and loses puck.
8:14 of 1st period - Snap shot by Tyler Bertuzzi.
8:14 of 1st period - Stopped by Yaroslav Askarov with a rebound.
9:25 of 1st period - Wrist shot by Mats Zuccarello.
9:25 of 1st period - Stopped by Yaroslav Askarov without a rebound.
9:26 of 1st period - Andre Burakovsky wins face-off versus Charlie Coyle in Winnipeg Jets zone.
9:49 of 1st period - Wrist shot by Alexis Lafreniere.
9:49 of 1st period - Stopped by Jacob Markstrom with a rebound.
10:42 of 1st period - Snap shot by Joel Armia.
10:42 of 1st period - Deflect By Connor Bedard.
10:42 of 1st period - Stopped by Jacob Markstrom with a rebound.
11:24 of 1st period - Backhand shot by Jason Zucker.
11:24 of 1st period - Stopped by Jacob Markstrom with a rebound.
11:58 of 1st period - Snap shot by Mike Hoffman.
11:58 of 1st period - Shot Blocked by Connor McDavid.
12:15 of 1st period - Icing by Ridly Greig.
12:16 of 1st period - Ryan Donato wins face-off versus Andre Burakovsky in Winnipeg Jets zone.
12:25 of 1st period - Wrist shot by Erik Haula.
12:25 of 1st period - Shot Misses the Net.
12:27 of 1st period - Wrist shot by Ryan Donato.
12:27 of 1st period - Goal by Ryan Donato - Winnipeg Jets : 0 - Arizona Coyotes : 2.
12:28 of 1st period - Charlie Coyle wins face-off versus Connor McDavid in neutral zone.
12:31 of 1st period - Snap shot by Mats Zuccarello.
12:31 of 1st period - Stopped by Yaroslav Askarov with a rebound.
12:33 of 1st period - Slapshot by Charlie Coyle.
12:33 of 1st period - Deflect By Tyler Seguin.
12:33 of 1st period - Stopped by Yaroslav Askarov with a rebound.
12:35 of 1st period - Slapshot by Jani Hakanpaa.
12:35 of 1st period - Stopped by Yaroslav Askarov with a rebound.
12:37 of 1st period - Slapshot by Jani Hakanpaa.
12:37 of 1st period - Stopped by Yaroslav Askarov with a rebound.
12:39 of 1st period - Snap shot by Mats Zuccarello.
12:39 of 1st period - Stopped by Yaroslav Askarov with a rebound.
12:41 of 1st period - Snap shot by Tyler Seguin.
12:41 of 1st period - Shot Blocked by Dylan Samberg.
12:43 of 1st period - Snap shot by Charlie Coyle.
12:43 of 1st period - Shot Misses the Net.
12:45 of 1st period - Wrist shot by Charlie Coyle.
12:45 of 1st period - Stopped by Yaroslav Askarov without a rebound.
12:46 of 1st period - Ryan Donato wins face-off versus Connor Bedard in Winnipeg Jets zone.
12:50 of 1st period - Minor Penalty to Mason Appleton for Tripping.
12:51 of 1st period - Charlie Coyle wins face-off versus Vladislav Namestnikov in Winnipeg Jets zone.
12:53 of 1st period - Snap shot by Mats Zuccarello.
12:53 of 1st period - Stopped by Yaroslav Askarov without a rebound.
12:54 of 1st period - Vladislav Namestnikov wins face-off versus Charlie Coyle in Winnipeg Jets zone.
13:05 of 1st period - Snap shot by Mats Zuccarello.
13:05 of 1st period - Shot Blocked by Nate Schmidt.
13:43 of 1st period - Wrist shot by Mats Zuccarello.
13:43 of 1st period - Shot Misses the Net.
14:11 of 1st period - Wrist shot by Mats Zuccarello.
14:11 of 1st period - Shot Misses the Net.
14:13 of 1st period - Snap shot by Matt Dumba.
14:13 of 1st period - Deflect By Tyler Seguin.
14:13 of 1st period - Shot Misses the Net.
14:13 of 1st period - Puck is out of play.
14:14 of 1st period - Ryan Donato wins face-off versus Vladislav Namestnikov in Winnipeg Jets zone.
14:50 of 1st period - Penalty to Mason Appleton is over, Mason Appleton is back on ice.
15:16 of 1st period - Matt Dumba is hit by Vladislav Namestnikov and loses puck.
15:46 of 1st period - Wrist shot by Connor Bedard.
15:46 of 1st period - Shot Blocked by Nick Seeler.
15:57 of 1st period - Ross Colton is hit by Mason Appleton and loses puck.
16:22 of 1st period - Snap shot by Mason Appleton.
16:22 of 1st period - Deflect By Connor Bedard.
16:22 of 1st period - Stopped by Jacob Markstrom with a rebound.
16:24 of 1st period - Wrist shot by Mason Appleton.
16:24 of 1st period - Deflect By Connor Bedard.
16:24 of 1st period - Stopped by Jacob Markstrom without a rebound.
16:25 of 1st period - Adam Lowry wins face-off versus Ryan Donato in Arizona Coyotes zone.
16:34 of 1st period - Wrist shot by Jason Zucker.
16:34 of 1st period - Shot Misses the Net.
17:24 of 1st period - Ridly Greig is hit by Tyler Bertuzzi and loses puck.
18:11 of 1st period - Ryan Donato is hit by Connor McDavid and loses puck.
18:24 of 1st period - Barclay Goodrow is hit by Radko Gudas and loses puck.
18:42 of 1st period - Minor Penalty to Radko Gudas for Tripping.
18:43 of 1st period - Tyler Seguin wins face-off versus Connor Bedard in Arizona Coyotes zone.
19:03 of 1st period - Ryan Donato is hit by Vladislav Namestnikov and loses puck.
Goals for this period are 0 for Winnipeg Jets vs 2 for Arizona Coyotes.
Shots for this period are 6 for Winnipeg Jets vs 14 for Arizona Coyotes.
2nd period
0:01 of 2nd period - Mats Zuccarello wins face-off versus Adam Lowry in neutral zone.
0:24 of 2nd period - Snap shot by Tyler Seguin.
0:24 of 2nd period - Shot Misses the Net.
0:42 of 2nd period - Penalty to Radko Gudas is over, Radko Gudas is back on ice.
0:49 of 2nd period - Off-side.
0:50 of 2nd period - Connor Bedard wins face-off versus Erik Haula in neutral zone.
1:24 of 2nd period - Wrist shot by Taylor Hall.
1:24 of 2nd period - Shot Misses the Net.
1:26 of 2nd period - Snap shot by Ridly Greig.
1:26 of 2nd period - Shot Misses the Net.
2:06 of 2nd period - Wrist shot by Connor Bedard.
2:06 of 2nd period - Stopped by Jacob Markstrom without a rebound.
2:07 of 2nd period - Ross Colton wins face-off versus Connor Bedard in Arizona Coyotes zone.
2:14 of 2nd period - Slapshot by Ondrej Palat.
2:14 of 2nd period - Shot Misses the Net.
2:20 of 2nd period - Wrist shot by Mason Appleton.
2:20 of 2nd period - Stopped by Jacob Markstrom without a rebound.
2:21 of 2nd period - Charlie Coyle wins face-off versus Connor Bedard in Arizona Coyotes zone.
2:21 of 2nd period - Charlie Coyle is hit by Joel Armia.
3:27 of 2nd period - Minor Penalty to Vladislav Namestnikov for Cross-checking.
3:28 of 2nd period - Tyler Bertuzzi wins face-off versus Jason Zucker in Winnipeg Jets zone.
3:41 of 2nd period - Snap shot by Ryan Donato.
3:41 of 2nd period - Stopped by Yaroslav Askarov with a rebound.
3:43 of 2nd period - Snap shot by Erik Haula.
3:43 of 2nd period - Stopped by Yaroslav Askarov without a rebound.
3:44 of 2nd period - Charlie Coyle wins face-off versus Jason Zucker in Winnipeg Jets zone.
3:47 of 2nd period - Snap shot by Charlie Coyle.
3:47 of 2nd period - Stopped by Yaroslav Askarov with a rebound.
4:16 of 2nd period - Off-side.
4:17 of 2nd period - Erik Haula wins face-off versus Alexis Lafreniere in neutral zone.
4:22 of 2nd period - Snap shot by Erik Haula.
4:22 of 2nd period - Stopped by Yaroslav Askarov with a rebound.
4:24 of 2nd period - Slapshot by Matt Dumba.
4:24 of 2nd period - Shot Misses the Net.
4:26 of 2nd period - Slapshot by Matt Dumba.
4:26 of 2nd period - Shot Misses the Net.
5:27 of 2nd period - Penalty to Vladislav Namestnikov is over, Vladislav Namestnikov is back on ice.
5:33 of 2nd period - Adam Lowry is hit by Kiefer Sherwood and loses puck.
6:02 of 2nd period - Wrist shot by Alexis Lafreniere.
6:02 of 2nd period - Shot Misses the Net.
6:06 of 2nd period - Slapshot by Alexis Lafreniere.
6:06 of 2nd period - Shot Misses the Net.
6:08 of 2nd period - Snap shot by Alexis Lafreniere.
6:08 of 2nd period - Stopped by Jacob Markstrom with a rebound.
6:10 of 2nd period - Snap shot by Adam Lowry.
6:10 of 2nd period - Stopped by Jacob Markstrom with a rebound.
6:12 of 2nd period - Snap shot by Olli Maatta.
6:12 of 2nd period - Shot Misses the Net.
6:14 of 2nd period - Wrist shot by Vladislav Namestnikov.
6:14 of 2nd period - Shot Blocked by Mike Hoffman.
6:16 of 2nd period - Slapshot by Adam Lowry.
6:16 of 2nd period - Stopped by Jacob Markstrom without a rebound.
6:17 of 2nd period - Ryan Donato wins face-off versus Connor Bedard in Arizona Coyotes zone.
6:39 of 2nd period - Icing by Mason Appleton.
6:40 of 2nd period - Ross Colton wins face-off versus Connor Bedard in Winnipeg Jets zone.
7:34 of 2nd period - Snap shot by Ridly Greig.
7:34 of 2nd period - Shot Misses the Net.
8:00 of 2nd period - Wrist shot by Charlie Coyle.
8:00 of 2nd period - Shot Misses the Net.
8:02 of 2nd period - Slapshot by Mike Hoffman.
8:02 of 2nd period - Stopped by Yaroslav Askarov with a rebound.
8:04 of 2nd period - Slapshot by Jani Hakanpaa.
8:04 of 2nd period - Stopped by Yaroslav Askarov with a rebound.
8:06 of 2nd period - Wrist shot by Charlie Coyle.
8:06 of 2nd period - Shot Misses the Net.
8:13 of 2nd period - Icing by Haydn Fleury.
8:14 of 2nd period - Adam Lowry wins face-off versus Ryan Donato in Winnipeg Jets zone.
8:29 of 2nd period - Slapshot by Andre Burakovsky.
8:29 of 2nd period - Stopped by Jacob Markstrom without a rebound.
8:30 of 2nd period - Connor McDavid wins face-off versus Charlie Coyle in Arizona Coyotes zone.
8:31 of 2nd period - Snap shot by Vladislav Namestnikov.
8:31 of 2nd period - Shot Blocked by Nick Seeler.
8:33 of 2nd period - Slapshot by Dylan Samberg.
8:33 of 2nd period - Stopped by Jacob Markstrom with a rebound.
8:35 of 2nd period - Snap shot by Olli Maatta.
8:35 of 2nd period - Deflect By Connor McDavid.
8:35 of 2nd period - Stopped by Jacob Markstrom without a rebound.
8:36 of 2nd period - Charlie Coyle wins face-off versus Connor McDavid in Arizona Coyotes zone.
8:36 of 2nd period - Charlie Coyle is hit by Alexis Lafreniere.
8:46 of 2nd period - Snap shot by Charlie Coyle.
8:46 of 2nd period - Stopped by Yaroslav Askarov with a rebound.
8:52 of 2nd period - Snap shot by Alexis Lafreniere.
8:52 of 2nd period - Stopped by Jacob Markstrom with a rebound.
9:08 of 2nd period - Wrist shot by Adam Lowry.
9:08 of 2nd period - Deflect By Jason Zucker.
9:08 of 2nd period - Shot Blocked by Tyler Bertuzzi.
9:08 of 2nd period - Puck is out of play.
9:09 of 2nd period - Connor Bedard wins face-off versus Ryan Donato in Arizona Coyotes zone.
9:15 of 2nd period - Icing by Ryan Donato.
9:16 of 2nd period - Ryan Donato wins face-off versus Connor Bedard in Arizona Coyotes zone.
9:24 of 2nd period - Minor Penalty to Sean Durzi for Goalie Interference.
9:25 of 2nd period - Vladislav Namestnikov wins face-off versus Ryan Donato in Winnipeg Jets zone.
10:13 of 2nd period - Ryan Donato is hit by Oliver Ekman-Larsson and loses puck.
11:05 of 2nd period - Ryan Donato is hit by Adam Lowry and loses puck.
11:16 of 2nd period - Taylor Hall is hit by Charlie Coyle and loses puck.
11:23 of 2nd period - Tyler Seguin is hit by Oliver Ekman-Larsson and loses puck.
11:24 of 2nd period - Penalty to Sean Durzi is over, Sean Durzi is back on ice.
11:34 of 2nd period - Slapshot by Jason Zucker.
11:34 of 2nd period - Stopped by Jacob Markstrom without a rebound.
11:35 of 2nd period - Joel Armia wins face-off versus Ross Colton in Arizona Coyotes zone.
11:43 of 2nd period - Minor Penalty to Dylan Samberg for Hooking.
11:44 of 2nd period - Ryan Donato wins face-off versus Alexis Lafreniere in Winnipeg Jets zone.
11:46 of 2nd period - Wrist shot by Tyler Bertuzzi.
11:46 of 2nd period - Shot Misses the Net.
12:16 of 2nd period - Snap shot by Mats Zuccarello.
12:16 of 2nd period - Stopped by Yaroslav Askarov with a rebound.
12:18 of 2nd period - Slapshot by Brayden McNabb.
12:18 of 2nd period - Stopped by Yaroslav Askarov with a rebound.
12:20 of 2nd period - Slapshot by Brayden McNabb.
12:20 of 2nd period - Goal by Brayden McNabb - Winnipeg Jets : 0 - Arizona Coyotes : 3.
12:21 of 2nd period - Tyler Seguin wins face-off versus Adam Lowry in neutral zone.
12:46 of 2nd period - Vladislav Namestnikov is hit by Erik Haula and loses puck.
13:13 of 2nd period - Kiefer Sherwood is hit by Mason Appleton and loses puck.
13:46 of 2nd period - Slapshot by Jason Zucker.
13:46 of 2nd period - Stopped by Jacob Markstrom without a rebound.
13:47 of 2nd period - Jason Zucker wins face-off versus Ryan Donato in Arizona Coyotes zone.
14:12 of 2nd period - Charlie Coyle is hit by Vladislav Namestnikov and loses puck.
14:19 of 2nd period - Backhand shot by Jani Hakanpaa.
14:19 of 2nd period - Deflect By Connor McDavid.
14:19 of 2nd period - Stopped by Yaroslav Askarov with a rebound.
14:21 of 2nd period - Slapshot by Tyler Seguin.
14:21 of 2nd period - Stopped by Yaroslav Askarov with a rebound.
14:23 of 2nd period - Slapshot by Mats Zuccarello.
14:23 of 2nd period - Stopped by Yaroslav Askarov without a rebound.
14:24 of 2nd period - Connor Bedard wins face-off versus Ryan Donato in Winnipeg Jets zone.
15:09 of 2nd period - Sean Durzi is hit by Charlie Coyle.
15:15 of 2nd period - Tyler Seguin is hit by Adam Lowry and loses puck.
15:34 of 2nd period - Slapshot by Taylor Hall.
15:34 of 2nd period - Stopped by Jacob Markstrom with a rebound.
15:36 of 2nd period - Snap shot by Ridly Greig.
15:36 of 2nd period - Stopped by Jacob Markstrom with a rebound.
15:38 of 2nd period - Wrist shot by Ridly Greig.
15:38 of 2nd period - Stopped by Jacob Markstrom with a rebound.
15:40 of 2nd period - Snap shot by Dylan Samberg.
15:40 of 2nd period - Deflect By Andre Burakovsky.
15:40 of 2nd period - Shot Misses the Net.
15:40 of 2nd period - Puck is out of play.
15:41 of 2nd period - Mason Appleton wins face-off versus Ryan Donato in Arizona Coyotes zone.
15:47 of 2nd period - Off-side.
15:48 of 2nd period - Connor Bedard wins face-off versus Ryan Donato in neutral zone.
15:53 of 2nd period - Snap shot by Joel Armia.
15:53 of 2nd period - Stopped by Jacob Markstrom with a rebound.
15:55 of 2nd period - Slapshot by Joel Armia.
15:55 of 2nd period - Stopped by Jacob Markstrom without a rebound.
15:56 of 2nd period - Charlie Coyle wins face-off versus Connor McDavid in Arizona Coyotes zone.
16:01 of 2nd period - Wrist shot by Connor McDavid.
16:01 of 2nd period - Stopped by Jacob Markstrom without a rebound.
16:02 of 2nd period - Charlie Coyle wins face-off versus Connor McDavid in Arizona Coyotes zone.
16:11 of 2nd period - Wrist shot by Alexis Lafreniere.
16:11 of 2nd period - Shot Misses the Net.
16:13 of 2nd period - Wrist shot by Alexis Lafreniere.
16:13 of 2nd period - Shot Blocked by Jani Hakanpaa.
16:15 of 2nd period - Slapshot by Oliver Ekman-Larsson.
16:15 of 2nd period - Deflect By Charlie Coyle.
16:15 of 2nd period - Stopped by Jacob Markstrom without a rebound.
16:16 of 2nd period - Charlie Coyle wins face-off versus Connor Bedard in Arizona Coyotes zone.
16:25 of 2nd period - Slapshot by Connor Bedard.
16:25 of 2nd period - Shot Blocked by Radko Gudas.
16:27 of 2nd period - Slapshot by Olli Maatta.
16:27 of 2nd period - Stopped by Jacob Markstrom with a rebound.
16:29 of 2nd period - Slapshot by Mason Appleton.
16:29 of 2nd period - Shot Blocked by Radko Gudas.
16:43 of 2nd period - Jason Zucker is hit by Tyler Bertuzzi and loses puck.
16:48 of 2nd period - Snap shot by Ryan Donato.
16:48 of 2nd period - Stopped by Yaroslav Askarov with a rebound.
16:50 of 2nd period - Snap shot by Erik Haula.
16:50 of 2nd period - Stopped by Yaroslav Askarov without a rebound.
16:51 of 2nd period - Connor McDavid wins face-off versus Ryan Donato in Winnipeg Jets zone.
19:03 of 2nd period - Snap shot by Jason Zucker.
19:03 of 2nd period - Stopped by Jacob Markstrom without a rebound.
19:04 of 2nd period - Connor McDavid wins face-off versus Charlie Coyle in Arizona Coyotes zone.
19:41 of 2nd period - Snap shot by Mason Appleton.
19:41 of 2nd period - Stopped by Jacob Markstrom with a rebound.
Goals for this period are 0 for Winnipeg Jets vs 1 for Arizona Coyotes.
Shots for this period are 21 for Winnipeg Jets vs 15 for Arizona Coyotes.
3rd period
0:01 of 3rd period - Alexis Lafreniere wins face-off versus Charlie Coyle in neutral zone.
0:07 of 3rd period - Charlie Coyle is hit by Alexis Lafreniere and loses puck.
0:27 of 3rd period - Tyler Seguin is hit by Oliver Ekman-Larsson and loses puck.
1:04 of 3rd period - Wrist shot by Charlie Coyle.
1:04 of 3rd period - Stopped by Yaroslav Askarov with a rebound.
1:06 of 3rd period - Snap shot by Charlie Coyle.
1:06 of 3rd period - Shot Misses the Net.
1:10 of 3rd period - Snap shot by Tyler Seguin.
1:10 of 3rd period - Shot Misses the Net.
1:12 of 3rd period - Slapshot by Jani Hakanpaa.
1:12 of 3rd period - Stopped by Yaroslav Askarov with a rebound.
1:18 of 3rd period - Wrist shot by Tyler Seguin.
1:18 of 3rd period - Shot Misses the Net.
1:34 of 3rd period - Snap shot by Mats Zuccarello.
1:34 of 3rd period - Shot Misses the Net.
1:36 of 3rd period - Slapshot by Jani Hakanpaa.
1:36 of 3rd period - Shot Blocked by Dylan Samberg.
1:38 of 3rd period - Slapshot by Radko Gudas.
1:38 of 3rd period - Shot Blocked by Joel Armia.
1:42 of 3rd period - Slapshot by Mats Zuccarello.
1:42 of 3rd period - Shot Misses the Net.
1:44 of 3rd period - Slapshot by Jani Hakanpaa.
1:44 of 3rd period - Stopped by Yaroslav Askarov with a rebound.
1:46 of 3rd period - Wrist shot by Charlie Coyle.
1:46 of 3rd period - Stopped by Yaroslav Askarov with a rebound.
1:48 of 3rd period - Snap shot by Mats Zuccarello.
1:48 of 3rd period - Stopped by Yaroslav Askarov with a rebound.
2:08 of 3rd period - Slapshot by Mats Zuccarello.
2:08 of 3rd period - Shot Misses the Net.
2:24 of 3rd period - Snap shot by Mats Zuccarello.
2:24 of 3rd period - Shot Misses the Net.
2:26 of 3rd period - Backhand shot by Jani Hakanpaa.
2:26 of 3rd period - Deflect By Tyler Seguin.
2:26 of 3rd period - Shot Misses the Net.
2:26 of 3rd period - Puck is out of play.
2:27 of 3rd period - Connor McDavid wins face-off versus Tyler Bertuzzi in Winnipeg Jets zone.
2:27 of 3rd period - Connor McDavid is hit by Nick Seeler.
3:00 of 3rd period - Snap shot by Jason Zucker.
3:00 of 3rd period - Shot Misses the Net.
3:02 of 3rd period - Slapshot by Haydn Fleury.
3:02 of 3rd period - Shot Blocked by Ondrej Palat.
4:30 of 3rd period - Jason Zucker is hit by Mike Hoffman and loses puck.
4:43 of 3rd period - Matt Dumba is hit by Nate Schmidt and loses puck.
4:58 of 3rd period - Tyler Bertuzzi is hit by Dylan Samberg and loses puck.
5:18 of 3rd period - Haydn Fleury is hit by Ross Colton and loses puck.
5:31 of 3rd period - Jason Zucker is hit by William Carrier and loses puck.
7:20 of 3rd period - Ryan Donato is hit by Connor Bedard and loses puck.
9:00 of 3rd period - Minor Penalty to Radko Gudas for Holding.
9:01 of 3rd period - Tyler Seguin wins face-off versus Connor Bedard in Arizona Coyotes zone.
9:12 of 3rd period - Snap shot by Ryan Donato.
9:12 of 3rd period - Shot Blocked by Nate Schmidt.
9:35 of 3rd period - Vladislav Namestnikov is hit by Nick Seeler and loses puck.
11:00 of 3rd period - Penalty to Radko Gudas is over, Radko Gudas is back on ice.
11:16 of 3rd period - Snap shot by Andre Burakovsky.
11:16 of 3rd period - Shot Misses the Net.
11:18 of 3rd period - Snap shot by Andre Burakovsky.
11:18 of 3rd period - Shot Blocked by Nick Seeler.
11:56 of 3rd period - Andre Burakovsky is hit by Ryan Donato and loses puck.
12:11 of 3rd period - Wrist shot by Taylor Hall.
12:11 of 3rd period - Shot Blocked by Jared Spurgeon.
12:17 of 3rd period - Sean Durzi is hit by Brayden McNabb.
12:41 of 3rd period - Connor Bedard is hit by Radko Gudas.
13:12 of 3rd period - Minor Penalty to Tyler Seguin for Interference.
13:13 of 3rd period - Ondrej Palat wins face-off versus Adam Lowry in Arizona Coyotes zone.
15:12 of 3rd period - Penalty to Tyler Seguin is over, Tyler Seguin is back on ice.
15:43 of 3rd period - Kiefer Sherwood is hit by Barclay Goodrow and loses puck.
16:08 of 3rd period - Icing by Sean Durzi.
16:09 of 3rd period - Andre Burakovsky wins face-off versus Ryan Donato in Winnipeg Jets zone.
16:22 of 3rd period - Wrist shot by Alexis Lafreniere.
16:22 of 3rd period - Deflect By Connor McDavid.
16:22 of 3rd period - Shot Misses the Net.
16:22 of 3rd period - Puck is out of play.
16:23 of 3rd period - Connor McDavid wins face-off versus Ross Colton in Arizona Coyotes zone.
16:24 of 3rd period - Wrist shot by Alexis Lafreniere.
16:24 of 3rd period - Shot Blocked by Matt Dumba.
16:26 of 3rd period - Minor Penalty to Ross Colton for Roughing.
16:27 of 3rd period - Connor Bedard wins face-off versus Charlie Coyle in Arizona Coyotes zone.
16:28 of 3rd period - Backhand shot by Connor McDavid.
16:28 of 3rd period - Shot Misses the Net.
16:30 of 3rd period - Snap shot by Olli Maatta.
16:30 of 3rd period - Goal by Olli Maatta - Winnipeg Jets : 1 - Arizona Coyotes : 3.
16:31 of 3rd period - Adam Lowry wins face-off versus Ross Colton in neutral zone.
17:06 of 3rd period - Snap shot by Charlie Coyle.
17:06 of 3rd period - Shot Misses the Net.
17:21 of 3rd period - Connor Bedard is hit by Brayden McNabb and loses puck.
18:04 of 3rd period - Wrist shot by Jason Zucker.
18:04 of 3rd period - Shot Misses the Net.
18:16 of 3rd period - Alexis Lafreniere is hit by Erik Haula and loses puck.
19:00 of 3rd period - Icing by Dylan Samberg.
19:01 of 3rd period - Adam Lowry wins face-off versus Charlie Coyle in Winnipeg Jets zone.
19:26 of 3rd period - Backhand shot by Ross Colton.
19:26 of 3rd period - Stopped by Yaroslav Askarov with a rebound.
19:28 of 3rd period - Slapshot by Kiefer Sherwood.
19:28 of 3rd period - Stopped by Yaroslav Askarov without a rebound.
19:29 of 3rd period - Charlie Coyle wins face-off versus Adam Lowry in Winnipeg Jets zone.
19:30 of 3rd period - Wrist shot by Mats Zuccarello.
19:30 of 3rd period - Stopped by Yaroslav Askarov with a rebound.
Goals for this period are 1 for Winnipeg Jets vs 0 for Arizona Coyotes.
Shots for this period are 1 for Winnipeg Jets vs 8 for Arizona Coyotes.
Back to the Top